 Dungeon Crawl Stone Soup version 0.29-a0-322-g68df515 (webtiles) character file.

Game seed: 14473722858363423447

1339 Toastz the Insei (level 8, 0/64 HPs)
             Began as a Merfolk Transmuter on Apr 5, 2022.
             Was a Believer of Yredelemnul.
             Slain by Pikel
             ... wielding a +2 whip of flaming
              (4 damage)
             ... on level 6 of the Dungeon.
             The game lasted 00:22:32 (7479 turns).

Toastz the Insei (Merfolk Transmuter)               Turns: 7479, Time: 00:22:33

Health: 0/64       AC:  2    Str: 12    XL:     8   Next: 61%
Magic:  8/12       EV: 23    Int: 12    God:    Yredelemnul [**....]
Gold:   188        SH:  0    Dex: 24    Spells: 1/13 levels left

rFire   . . .      SeeInvis .     - Unarmed
rCold   . . .      Faith    .   (shield currently unavailable)
rNeg    + . .      Spirit   .   (body armour currently unavailable)
rPois   x          Reflect  .   (helmet currently unavailable)
rElec   .          Harm     .   (cloak currently unavailable)
rCorr   .          Rampage  .   (gloves currently unavailable)
Will    .....                   (boots currently unavailable)
Stlth   ++........              r - amulet of the acrobat
HPRegen 0.20/turn               z - ring "Fiozee" {rN+ Dex+4}
MPRegen 0.13/turn               (no ring)

@: spider-form, wereblooded
A: venomous fangs, tiny, (nimble swimmer 2), (mertail)
a: End Transformation, Renounce Religion, Recall Undead Harvest, Dark Bargain


You were on level 6 of the Dungeon.
You worshipped Yredelemnul.
Yredelemnul was noncommittal.
You were a venomous arachnid creature.
You visited 2 branches of the dungeon, and saw 7 of its levels.

You collected 244 gold pieces.
You spent 56 gold pieces at shops.

Inventory:

Missiles
 d - 182 stones (quivered)
 k - 20 poisoned darts
 t - a throwing net
 w - 2 boomerangs
Armour
 a - a +0 robe (melded)
 u - a +0 cloak (melded)
 A - a +3 leather armour of cold resistance
Jewellery
 e - an amulet of magic regeneration
 m - an amulet of guardian spirit
 r - an amulet of the acrobat (around neck)
 z - the ring "Fiozee" (left front leg) {rN+ Dex+4}
   (You took it off Eustachio on level 5 of the Dungeon)

   [ring of positive energy]

   Dex:       It affects your dexterity (+4).
   rN:        It protects you from negative energy.
Wands
 B - a wand of polymorph (2)
Scrolls
 f - 3 scrolls of amnesia
 o - a scroll of immolation {unknown}
 p - a scroll of teleportation
 q - a scroll of holy word {unknown}
 v - a scroll of magic mapping {unknown}
 x - a scroll of fear {unknown}
 y - a scroll of torment {unknown}
 E - a scroll of identify
 G - a scroll of blinking {unknown}
 H - 3 scrolls of vulnerability {unknown}
Potions
 b - 2 potions of lignification
 c - a potion of mutation {unknown}
 g - 5 potions of curing {unknown}
 h - a potion of attraction
 i - 2 potions of heal wounds {unknown}
 j - a potion of haste {unknown}
 l - a potion of cancellation {unknown}
 n - 2 potions of flight {unknown}
 s - 2 potions of brilliance {unknown}
 C - a potion of magic {unknown}
 D - a potion of might {unknown}
 F - a potion of resistance {unknown}


   Skills:
 + Level 5.6 Fighting
 - Level 4.0 Dodging
 + Level 7.8 Unarmed Combat
 - Level 3.0 Spellcasting
 - Level 6.0 Transmutations
 + Level 1.5 Ice Magic
 - Level 2.0 Poison Magic


You had one spell level left.
You knew the following spells:

 Your Spells              Type           Power      Damage    Failure   Level
a - Spider Form           Tmut/Pois      11%        N/A       32%         3
b - Wereblood             Tmut           16%        N/A       11%         2
c - Beastly Appendage     Tmut           32%        N/A       8%          1
d - Ice Form              Ice/Tmut       10%        N/A       67%         4
e - Passwall              Tmut/Erth      7%         N/A       26%         2

Your spell library contained the following spells:

 Spells                   Type           Power      Damage    Failure   Level
 Ensorcelled Hibernation  Hex/Ice        6%         N/A       47%         2
 Sublimation of Blood     Necr           1%         N/A       58%         2
 Call Canine Familiar     Summ           1%         N/A       78%         3
 Portal Projectile        Hex/Tloc       2%         N/A       78%         3
 Swiftness                Air            1%         N/A       78%         3
 Leda's Liquefaction      Hex/Erth       0%         N/A       98%         4
 Summon Hydra             Summ           0%         N/A       100%        7


Dungeon Overview and Level Annotations

Branches:
Dungeon (6/15)             Temple (1/1) D:4

Altars:
Ashenzari
Cheibriados
Dithmenos
Elyvilon
Fedhas
Gozag
Hepliaklqana
Makhleb
Nemelex Xobeh
Okawaru
Qazlal
Ru
Sif Muna
Trog
Uskayaw
Vehumet
Wu Jian
Xom
Yredelemnul
Zin
The Shining One

Shops:
D:1 ?*[   D:2 *   D:3 ?   D:4 (*!   D:6 =[

Annotations:
D:6 Pikel


Innate Abilities, Weirdness & Mutations

You are a venomous arachnid creature.
You have poisonous fangs.
You are tiny and dextrous.
Your spellcasting is less reliable in this form.
Your armour is entirely melded.
You are incapable of wielding weapons or throwing items.
((You are very nimble when in or above water. (Stealth+, EV+, Speed+++)))
((Your lower body shifts to a powerful aquatic tail in water.))


Message History

Your orc priest zombie hits the lemure but does no damage.
Your kobold zombie closely misses the lemure.
You completely miss Pikel. Pikel misses you.
The lemure completely misses you. x3
You bite Pikel!
Pikel is poisoned.
Pikel is moderately wounded.
Your orc priest zombie closely misses the lemure.
Your kobold zombie barely misses the lemure.
Pikel closely misses you. The lemure barely misses you. The lemure hits you!
The lemure hits you.
You bite Pikel!
Pikel looks as sick as possible!
Pikel is heavily wounded.
Your orc priest zombie misses the lemure.
Your kobold zombie hits the lemure.
You hit Pikel but do no damage.
Pikel looks as sick as possible!
Pikel is heavily wounded.
Pikel misses you. The lemure misses you. The lemure closely misses you.
The lemure misses you.
Your orc priest zombie barely misses the lemure.
You hit Pikel.
Pikel is severely wounded.
Pikel closely misses you. The lemure closely misses you.
The lemure completely misses you. x2
Your kobold zombie closely misses the lemure.
You hit Pikel but do no damage.
Pikel looks as sick as possible!
Pikel is severely wounded.
Pikel hits you with a +2 whip of flaming!
* * * LOW HITPOINT WARNING * * *
Pikel burns you.
* * * LOW HITPOINT WARNING * * *
The lemure completely misses you. The lemure closely misses you.
The lemure misses you.
Your orc priest zombie closely misses the lemure.
Your orc zombie barely misses the lemure.
Your kobold zombie closely misses the lemure.
You swap places.
Pikel attacks as you move away!
Pikel hits you with a +2 whip of flaming!
* * * LOW HITPOINT WARNING * * *
Pikel burns you.
You die...
Your body rises from the dead as a mindless zombie.

#......###...#
###.>..# #...#
#....# #...#
#...## #...#
##########...#
#...#
...Z.........#
#Z<.#
∩...........##
#ZZ.#
..#######..##
##.Z.# ###
#### #s5Z.#
#K55..#
#..5...#
#.......#
#.$....###
#....### ....#
.....


You could see Pikel (extremely poisoned, ally target), 4 lemures, a friendly
basilisk zombie, 3 friendly kobold zombies, a friendly orc zombie and a friendly
orc priest zombie.

Vanquished Creatures
  Eustachio (D:5)
  A basilisk (D:6)
  A sky beast (D:6)
  An ogre (D:4)
  A kobold brigand (D:6)
  2 necrophages
  A scorpion (D:5)
  3 wights (D:6)
  An orc priest (D:6)
  6 hounds
  A jelly (D:6)
  2 iguanas
  Terence (D:3)
  An orc wizard (D:4)
  4 adders
  An ufetubus (D:4)
  3 worms
  4 dart slugs
  15 orcs
  5 ball pythons
  A bat zombie (D:6)
  3 endoplasms (D:3)
  5 giant cockroaches
  4 hobgoblins
  18 kobolds
  2 quokkas (D:1)
  5 bats
  3 frilled lizards
  9 goblins
  2 rats (D:1)
  A rat zombie (D:6)
108 creatures vanquished.

Vanquished Creatures (others)
  A hound zombie (D:5)
  An adder zombie (D:5)
  An iguana zombie (D:4)
  A kobold zombie (D:6)
  4 orc zombies (D:5)
  7 plants
15 creatures vanquished.

Grand Total: 123 creatures vanquished

Notes
Turn   | Place    | Note
-------+----------+-------------------------------------------
     0 | D:1      | Toastz the Merfolk Transmuter began the quest for the Orb.
     0 | D:1      | Reached XP level 1. HP: 15/15 MP: 3/3
   234 | D:1      | Found Vakom's Assorted Antiques.
   334 | D:1      | Reached XP level 2. HP: 20/22 MP: 3/5
   367 | D:1      | Learned a level 2 spell: Wereblood
   418 | D:1      | Found a faded altar of an unknown god.
   462 | D:1      | Found Xumaoziere's Magic Scroll Shop.
   470 | D:1      | Bought a scroll of identify for 20 gold pieces
   694 | D:1      | Found Symoog's Antique Armour Shoppe.
   879 | D:2      | Reached XP level 3. HP: 28/28 MP: 6/6
  1219 | D:2      | Found Ekoh's Assorted Antiques.
  2401 | D:3      | Noticed Terence
  2700 | D:2      | Learned a level 3 spell: Spider Form
  2726 | D:3      | Killed Terence
  2727 | D:3      | Reached skill level 4 in Unarmed Combat
  2727 | D:3      | Reached XP level 4. HP: 31/35 MP: 7/7
  2882 | D:3      | Found Viuthorr's Magic Scroll Emporium.
  3022 | D:3      | Bought a scroll of teleportation for 36 gold pieces
  3282 | D:3      | Reached XP level 5. HP: 28/41 MP: 8/8
  3795 | D:4      | Reached skill level 1 in Poison Magic
  3909 | D:4      | Found Ukkorak's Antique Weapon Boutique.
  3921 | D:4      | Reached skill level 5 in Unarmed Combat
  3921 | D:4      | Reached XP level 6. HP: 27/47 MP: 9/9
  4107 | D:4      | Found a staircase to the Ecumenical Temple.
  4136 | Temple   | Entered the Ecumenical Temple
  4336 | Temple   | Became a worshipper of Yredelemnul the Dark
  4658 | D:4      | Reached * piety under Yredelemnul
  4663 | D:4      | Found Duen's Distillery.
  5089 | D:4      | Reached ** piety under Yredelemnul
  5089 | D:4      | Reached XP level 7. HP: 47/53 MP: 11/11
  5122 | D:4      | Found Voniraes's Assorted Antiques.
  5200 | D:5      | Entered Level 5 of the Dungeon
  5301 | D:5      | Reached skill level 5 in Transmutations
  5384 | D:5      | Reached skill level 6 in Unarmed Combat
  5750 | D:5      | Noticed Eustachio
  6036 | D:5      | Identified the ring "Fiozee" {rN+ Dex+4}
  6139 | D:5      | Killed Eustachio
  6955 | D:6      | Reached XP level 8. HP: 23/60 MP: 7/12
  7047 | D:6      | Reached skill level 7 in Unarmed Combat
  7070 | D:6      | Reached skill level 5 in Fighting
  7123 | D:6      | Found Mebo Ylu's Armour Boutique.
  7255 | D:6      | Learned a level 2 spell: Passwall
  7260 | D:6      | Learned a level 4 spell: Ice Form
  7260 | D:6      | Found Geuchy's Jewellery Boutique.
  7275 | D:6      | Reached skill level 1 in Ice Magic
  7466 | D:6      | Noticed Pikel
  7479 | D:6      | Slain by Pikel

Illustrated notes

Levels and vault maps discovered:
D:1:      lightli_arrival_farm, layout_rooms,
          shapermc_ecumenical_altar_mp_ritualfount, serial_shops,
          nicolae_square_shop, shop, shop, nrook_loot_triangle,
          minmay_fountain_box
D:2:      layout_loops_ring, serial_shops, shop, kennysheep_generic_room_13,
          uniq_crazy_yiuf_cottage
D:3:      layout_basic, serial_shops, nicolae_shop_trees, uniq_terence
D:4:      layout_basic, minmay_temple_entry_nine_rooms, serial_shops,
          nicolae_lakefront_shop, shop, nicolae_shop_overgrown_old_shop
D:5:      layout_loops_corners, uniq_eustachio
D:6:      layout_layer_cave, lemuel_zombie_altar_kikubaaqudgha, serial_shops,
          nicolae_shop_behind_doors, shop, shop_statue, uniq_pikel
Temple:   grunt_wide_crystal_templ

Skill      XL: |  1  2  3  4  5  6  7  8 |
---------------+-------------------------+-----
Fighting       | 2 3 4 5 |  5.6
Transmutations | 3 4 5 6 |  6.0
Dodging        | 3 4 |  4.0
Unarmed Combat | 4 5 6 7 |  7.8
Poison Magic   | 1 2 |  2.0
Spellcasting   | 3 |  3.0
Ice Magic      | 1 |  1.5

Action                   |  1- 3 |  4- 6 |  7- 9 || total
-------------------------+-------+-------+-------++-------
Melee: Unarmed           |   147 |   136 |   144 ||   427
       Headbutt          |    15 |    17 |    13 ||    45
       Punch             |     6 |     3 |     3 ||    12
       Tailslap          |     2 |       |       ||     2
Throw: Stone             |    14 |     8 |       ||    22
 Cast: Beastly Appendage |    26 |    23 |     8 ||    57
       Wereblood         |     7 |     2 |     6 ||    15
       Spider Form       |     1 |     1 |    11 ||    13
Invok: Recall Undead Har |       |       |     2 ||     2
  Use: Scroll            |     2 |       |     2 ||     4
 Stab: Sleeping          |     1 |       |       ||     1
       Distracted        |       |       |     1 ||     1
Armor: Robe              |    14 |    11 |    35 ||    60
       Skin              |       |       |     6 ||     6
Dodge: Dodged            |    86 |    94 |   193 ||   373

Table legend: (Time is in decaauts)
 A = Elapsed time spent in this place.
 B = Non-inter-level travel time spent in this place.
 C = Inter-level travel time spent in this place.
 D = Time resting spent in this place.
 E = Time spent auto-exploring this place.
 F = Levels seen in this place.
 G = Mean time per level.
                   A        B        C        D        E       F      G
               +--------+--------+--------+--------+--------+-----+--------+
         Total |   7423 |   7118 |    305 |   1645 |   4165 |   7 | 1060.4 |
       Dungeon |   7217 |   6923 |    294 |   1645 |   4024 |   6 | 1202.8 |
        Temple |    205 |    194 |     11 |      0 |    141 |   1 |  205.0 |
               +--------+--------+--------+--------+--------+-----+--------+

Top non-repeatable levels by time:
     D:5: 1681 daAuts
     D:3: 1462 daAuts
     D:2: 1366 daAuts
     D:4: 1320 daAuts
     D:1: 855 daAuts
     D:6: 531 daAuts
  Temple: 205 daAuts
